 Dungeon Crawl Stone Soup version 0.30-a0-632-g346586fe48 (webtiles) character file.

Game seed: 802251040269071367

7 flotson the Sneak (level 1, -4/18 HPs)
             Began as a Demonspawn Delver on Jan 13, 2023.
             Slain by an orc
             ... wielding a +0 war axe
              (6 damage)
             ... on level 3 of the Dungeon.
             The game lasted 00:01:50 (257 turns).

flotson the Sneak (Demonspawn Delver)                Turns: 257, Time: 00:01:50

Health: -4/18      AC:  5    Str: 11 (12) XL:     1   Next: 83%
Magic:  1/1        EV: 10    Int:  9 (11) God:
Gold:   0          SH:  0    Dex: 13 (14) Spells: 0/0 levels left

rFire   . . .      SeeInvis .    a - +0 hand axe
rCold   + . .      Faith    .    (no shield)
rNeg    . . .      Spirit   .    k - +0 ring mail
rPois   .          Reflect  .    (helmet restricted)
rElec   .          Harm     .    (no cloak)
rCorr   .          Rampage  .    (no gloves)
Will    .....                    (no boots)
Stlth   ++                       (no amulet)
HPRegen 0.23/turn                (no ring)
MPRegen 0.07/turn                (no ring)

@: hasted, very quick
A: horns 1, cold resistance 1, screaming 1
a: no special abilities


You were on level 3 of the Dungeon.
You visited 1 branch of the dungeon, and saw 4 of its levels.

Inventory:

Hand Weapons
 a - a +0 hand axe (weapon)
Armour
 k - a +0 ring mail (worn)
Wands
 g - a wand of digging (3)
Scrolls
 c - a scroll of fog
 d - a scroll of enchant armour {unknown}
 h - a scroll of identify {unknown}
 i - a scroll of immolation {unknown}


   Skills:
 + Level 3.0 Fighting
 + Level 1.9 Axes
 + Level 0.4 Armour
 + Level 1.8 Dodging
 + Level 4.5 Stealth
 + Level 0.3 Evocations


You couldn't memorise any spells.
You didn't know any spells.
Your spell library was empty.

Dungeon Overview and Level Annotations

Branches:
Dungeon (5/15)             Temple (0/1) D:4

Altars:


Innate Abilities, Weirdness & Mutations

You have a pair of small horns on your head.
Your flesh is cold resistant. (rC+)
You occasionally shout uncontrollably at your foes.


Message History

HP restored.
There is a stone staircase leading down here.
You climb downwards.
The orc hits you with a +0 war axe. The orc hits you with a +0 hand axe.
There is a stone staircase leading up, spattered with blood here.
You barely miss the orc. You hit the orc but do no damage.
The orc hits you with a +0 war axe. The orc misses you.
The orc barely misses you. The orc hits you with a +0 war axe.
You feel yourself speed up. The orc hits you with a +0 hand axe.
The orc hits you but does no damage.
You hit the orc but do no damage. x2
You closely miss the orc. You hit the orc but do no damage.
The orc closely misses you. The orc hits you with a +0 hand axe.
* * * LOW HITPOINT WARNING * * *
You closely miss the orc. You barely miss the orc. The orc barely misses you.
The orc hits you but does no damage.
You hit the orc but do no damage. You punch the orc, but do no damage.
You hit the orc but do no damage. The orc hits you but does no damage. x2
Okay, then.
Unknown command.
It was a potion of mutation.
You feel extremely strange.
You feel resistant to cold.
You feel the urge to shout. A pair of horns grows on your head!
The orc hits you with a +0 hand axe.
* * * LOW HITPOINT WARNING * * *
The orc closely misses you.
It was a potion of degeneration.
There was something very wrong with that liquid.
You feel weakened.
You feel dopey.
You feel clumsy.
You barely miss the orc. x2; The orc hits you but does no damage.
The orc closely misses you.
You hit the orc. Your headbutt misses the orc.
The orc is heavily wounded.
You hit the orc but do no damage. The orc closely misses you.
The orc barely misses you.
You hit the orc.
The orc is severely wounded.
You closely miss the orc. The orc barely misses you.
The orc hits you with a +0 war axe.
You die...

...##########
......o@o...#
....#######.#
.........##.##########
#.##..........#
#.###########.# #)####
#.# #>...## #.#
###...## #.#
#.###.######.#


You could see 2 orcs.

Vanquished Creatures
  3 orcs
  A bat (D:3)
4 creatures vanquished.

Notes
Turn   | Place    | Note
-------+----------+-------------------------------------------
     0 | D:5      | flotson the Demonspawn Delver began the quest for the Orb.
     0 | D:5      | Reached XP level 1. HP: 18/18 MP: 1/1
    19 | D:5      | Noticed a necrophage
    31 | D:4      | Noticed a black bear
    34 | D:4      | Noticed an orc wizard
   253 | D:3      | Gained mutation: Your flesh is cold resistant. (rC+)
                  | [potion of mutation]
   253 | D:3      | Gained mutation: You occasionally shout uncontrollably at
                  | your foes. [potion of mutation]
   253 | D:3      | Gained mutation: You have a pair of small horns on your
                  | head. [potion of mutation]
   257 | D:3      | Slain by an orc

Illustrated notes

Levels and vault maps discovered:
D:2:      layout_basic, basic_altar, fountainhead, minmay_pentomino_x2
D:3:      kennysheep_big_flooded_room, layout_loops_ring
D:4:      layout_cave_pods, minmay_temple_entry_statues_fountains
D:5:      layout_basic, nicolae_wu_jian_glorious_leap,
          mainiacjoe_overflow_tiny_flanked, nicolae_ashenzari_skybound,
          gammafunk_ghost_grave, solitary_fountain

Action                   || total
-------------------------++-------
Melee: Hand axe          ||    31
       Punch             ||     1
  Use: Potion            ||     3
       Scroll            ||     2
Armor: Leather armour    ||     7
       Ring mail         ||     5
Dodge: Dodged            ||    25

Table legend: (Time is in decaauts)
 A = Elapsed time spent in this place.
 B = Non-inter-level travel time spent in this place.
 C = Inter-level travel time spent in this place.
 D = Time resting spent in this place.
 E = Time spent auto-exploring this place.
 F = Levels seen in this place.
 G = Mean time per level.
                   A        B        C        D        E       F      G
               +--------+--------+--------+--------+--------+-----+--------+
         Total |    259 |    259 |      0 |     25 |     92 |   4 |   64.8 |
       Dungeon |    259 |    259 |      0 |     25 |     92 |   4 |   64.8 |
               +--------+--------+--------+--------+--------+-----+--------+

Top non-repeatable levels by time:
     D:3: 119 daAuts
     D:4: 56 daAuts
     D:2: 52 daAuts
     D:5: 31 daAuts
